 Dungeon Crawl Stone Soup version bcrawl-1.17.1 (webtiles) character file.

Game seed: 9395337609359380297

1031 Goboxel the Chopper (level 8, -1/62 HPs)
             Began as a Human Fighter on Oct 17, 2019.
             Slain by a centaur (4 damage)
             ... on level 5 of the Dungeon.
             The game lasted 00:13:01 (4361 turns).

Goboxel the Chopper (Human Fighter)                 Turns: 4361, Time: 00:13:02

Health: -1/62      AC:  9    Str: 18    XL:     8   Next: 47%
Magic:  8/8        EV:  9    Int:  9    God:
Gold:   114        SH: 10    Dex: 15    Spells: 7/7 levels left

rFire    . . .     SeeInvis .   u - +2 hand axe (chop)
rCold    . . .     Gourm    .   c - +0 shield
rNeg     . . .     Faith    .   b - +0 scale mail
rPois    .         Spirit   .   h - +1 helmet
rElec    .         Reflect  .   (no cloak)
rCorr    .         Harm     .   (no gloves)
MR       .....                  (no boots)
Stlth    ++........             y - amulet of inaccuracy (curse)
HPRegen  0.20/turn              m - ring of wizardry
MPRegen  0.11/turn              (no ring)

@: no status effects
A: repulsion field 1, thin skeletal structure 1, camouflage 1
a: no special abilities


You were on level 5 of the Dungeon.
You were hungry.

You visited 2 branches of the dungeon, and saw 6 of its levels.

You collected 194 gold pieces.
You spent 80 gold pieces at shops.

Inventory:

Hand Weapons
 a - a +0 war axe
 u - a +2 hand axe of chopping (weapon)
 x - a +0 dire flail of venom
Armour
 b - a +0 scale mail (worn)
 c - a +0 shield (worn)
 h - a +1 helmet (worn)
 k - a +0 buckler
Jewellery
 m - a ring of wizardry (left hand)
 y - a cursed amulet of inaccuracy (around neck)
Scrolls
 g - 2 scrolls of identify
 j - 2 scrolls of magic mapping
 s - a scroll of amnesia
Potions
 e - 2 potions of invisibility
 p - a potion of brilliance
 r - a potion of berserk rage {unknown}
 v - a potion of heal wounds
 w - a potion of curing {unknown}
Comestibles
 f - 5 rations {!d}


   Skills:
 + Level 5.1 Fighting
 + Level 6.5 Axes
 + Level 5.7 Armour
 + Level 5.7 Shields


You had 7 spell levels left.
You didn't know any spells.
Your spell library was empty.

Dungeon Overview and Level Annotations

Branches:
Dungeon (5/12)             Temple (1/1) D:5

Altars:
Dithmenos
Elyvilon
Fedhas
Gozag
Kikubaaqudgha
Nemelex Xobeh
Okawaru
Qazlal
Ru
Sif Muna
Trog
Uskayaw
Vehumet
Wu Jian
Xom
Yredelemnul
Zin

Shops:
D:5 *:=

Annotations:
D:4 2 transporters


Innate Abilities, Weirdness & Mutations

You are surrounded by a mild repulsion field. (EV +2)
You have a somewhat thin skeletal structure. (Dex +2, Stealth)
Your skin changes colour to match your surroundings (Stealth+).


Message History

The centaur is severely wounded.
You hit the ogre. The centaur hits you.
You hit the ogre.
The ogre is severely wounded.
You hit the centaur. The centaur hits you.
The ogre hits you with a cursed -3 giant spiked club!
The centaur completely misses you.
Your shield prevents you from hitting the centaur.
The centaur is almost dead.
You hit the ogre.
The centaur hits you but does no damage.
The ogre hits you with a cursed -3 giant spiked club!!
* * * LOW HITPOINT WARNING * * *
The centaur hits you but does no damage.
You barely miss the centaur.
The centaur is almost dead.
You hit the ogre.
You kill the ogre!
The centaur hits you.
You die...

.. #########.##
#..........#
#......?...# .
#..........# .####
#..........#
....######..........#
....##⌠.⌠.....%)@c..#
....##.∩.....####).....#
....##⌠.⌠....# ......#
....'........# ......#
#^..###......### #.#####
#..............# .#
###............+ ..
#............# .#
###########..#


You could see a centaur.

Vanquished Creatures
  Menkaure (D:4)
  Edmund (D:5)
  A phantom (D:4)
  An ogre (D:5)
  A big kobold (D:4)
  A scorpion (D:5)
  A wight (D:3)
  2 crimson imps (D:4)
  A jelly (D:5)
  2 hounds (D:4)
  An orc priest (D:4)
  Jessica (D:3)
  2 worker ants
  Terence (D:3)
  4 adders
  A howler monkey skeleton (D:4)
  A river rat (D:3)
  A shadow imp (D:5)
  2 oozes
  An adder skeleton (D:4)
  3 worms
  2 dart slugs (D:1)
  9 leopard geckos
  8 orcs
  A ball python (D:1)
  4 giant cockroaches
  8 goblins (D:1)
  5 hobgoblins
  5 jackals
  12 kobolds
  6 bats
  4 frilled lizards
  A jackal zombie (D:5)
  11 rats
  A spectral orc (D:2)
107 creatures vanquished.

Notes
Turn   | Place    | Note
-------+----------+-------------------------------------------
     0 | D:1      | Goboxel the Human Fighter began the quest for the Orb.
     0 | D:1      | Reached XP level 1. HP: 18/18 MP: 1/1
    40 | D:1      | Reached XP level 2. HP: 22/24 MP: 2/2
   297 | D:1      | Reached XP level 3. HP: 28/29 MP: 3/3
   410 | D:1      | Reached skill level 3 in Axes
   928 | D:2      | Reached XP level 4. HP: 31/35 MP: 4/4
  1112 | D:2      | Found an opulent altar of Gozag.
  1541 | D:2      | Found a basalt altar of Yredelemnul.
  1575 | D:2      | Found an ancient bone altar of Kikubaaqudgha.
  1577 | D:2      | Found a bloodstained altar of Trog.
  1736 | D:3      | Reached XP level 5. HP: 39/41 MP: 5/5
  1935 | D:3      | Reached skill level 4 in Axes
  1943 | D:3      | Noticed Jessica
  1947 | D:3      | Killed Jessica
  1978 | D:3      | Noticed Terence
  1984 | D:3      | Killed Terence
  2068 | D:3      | Reached XP level 6. HP: 48/48 MP: 6/6
  2331 | D:3      | Found a shimmering altar of Xom.
  2745 | D:4      | Noticed Menkaure
  2905 | D:4      | Found a transporter.
  2917 | D:4      | Found a transporter.
  3144 | D:4      | Noticed a phantom
  3177 | D:4      | Killed a phantom
  3177 | D:4      | Reached skill level 5 in Axes
  3177 | D:4      | Reached XP level 7. HP: 54/54 MP: 7/7
  3244 | D:4      | Killed Menkaure
  3244 | D:4      | Reached skill level 5 in Armour
  3244 | D:4      | Reached skill level 5 in Shields
  3529 | D:4      | Reached skill level 6 in Axes
  3672 | D:4      | Reached XP level 8. HP: 58/61 MP: 8/8
  3731 | D:4      | Found a sacrificial altar of Ru.
  3909 | D:5      | Entered Level 5 of the Dungeon
  3938 | D:5      | Found Umefu's Jewellery Shop.
  3958 | D:5      | Found a staircase to the Ecumenical Temple.
  4015 | Temple   | Entered the Ecumenical Temple
  4140 | D:5      | Noticed Edmund
  4159 | D:5      | Killed Edmund
  4181 | D:5      | Found Lapnaef's Book Emporium.
  4183 | D:5      | Found a shadowy altar of Dithmenos.
  4196 | D:5      | Found Ezobakkoq's General Store.
  4310 | D:5      | Gained mutation: Armour fits poorly on your strangely
                  | shaped body. [potion of mutation]
  4310 | D:5      | Gained mutation: Your magical capacity is low. (-10% MP)
                  | [potion of mutation]
  4310 | D:5      | Gained mutation: You have a somewhat thin skeletal
                  | structure. (Dex +2, Stealth) [potion of mutation]
  4311 | D:5      | Lost mutation: Armour fits poorly on your strangely shaped
                  | body. [potion of mutation]
  4311 | D:5      | Lost mutation: Your magical capacity is low. (-10% MP)
                  | [potion of mutation]
  4311 | D:5      | Gained mutation: Scrolls take you a little longer to read.
                  | [potion of mutation]
  4311 | D:5      | Gained mutation: Your flesh is cold resistant. (rC+)
                  | [potion of mutation]
  4311 | D:5      | Gained mutation: You are weak. (Str -2) [potion of
                  | mutation]
  4311 | D:5      | Gained mutation: You are surrounded by a mild repulsion
                  | field. (EV +2) [potion of mutation]
  4313 | D:5      | Bought a potion of mutation for 80 gold pieces
  4314 | D:5      | Lost mutation: Scrolls take you a little longer to read.
                  | [potion of mutation]
  4314 | D:5      | Lost mutation: Your flesh is cold resistant. (rC+) [potion
                  | of mutation]
  4314 | D:5      | Lost mutation: You are weak. (Str -2) [potion of mutation]
  4314 | D:5      | Gained mutation: Your spells are a little harder to cast,
                  | but a little more powerful. [potion of mutation]
  4314 | D:5      | Lost mutation: Your spells are a little harder to cast, but
                  | a little more powerful. [potion of mutation]
  4314 | D:5      | Gained mutation: Your skin changes colour to match your
                  | surroundings (Stealth+). [potion of mutation]
  4339 | D:5      | Reached skill level 5 in Fighting
  4360 | D:5      | HP: 3/62 [ogre/cursed -3 giant spiked club (21)]
  4361 | D:5      | Slain by a centaur

Skill      XL: |  1  2  3  4  5  6  7  8 |
---------------+-------------------------+-----
Axes           | 3 4 5 6 |  6.5
Armour         | 4 5 |  5.7
Shields        | 4 5 |  5.7
Fighting       | 4 5 |  5.1

Action                   |  1- 3 |  4- 6 |  7- 9 || total
-------------------------+-------+-------+-------++-------
Melee: War axe           |   110 |   151 |       ||   261
       Hand axe          |       |    11 |   127 ||   138
  Use: Scroll            |       |     4 |     7 ||    11
       Potion            |       |     1 |     4 ||     5
  Eat: Chunk             |       |     8 |     3 ||    11
Armor: Scale mail        |    59 |    84 |    42 ||   185
Dodge: Dodged            |    40 |    48 |    24 ||   112
Block: Shield            |    75 |    94 |    44 ||   213
